 Dungeon Crawl Stone Soup version 0.29.1-12-g30fa7ad0bf (webtiles) character file.

Game seed: 8154820960728437619

58 safid the Shooter (level 3, 0/33 HPs)
             Began as a Minotaur Hunter on Dec 14, 2022.
             Slain by an orc
             ... wielding a +0 whip
              (1 damage)
             ... on level 3 of the Dungeon.
             The game lasted 00:02:23 (1741 turns).

safid the Shooter (Minotaur Hunter)                 Turns: 1741, Time: 00:02:24

Health: 0/33       AC:  3    Str: 15    XL:     3   Next: 76%
Magic:  2/2        EV:  9    Int:  6    God:
Gold:   145        SH:  0    Dex: 15    Spells: 2/2 levels left

rFire   . . .      SeeInvis .   a - +0 shortbow
rCold   . . .      Faith    .   (shield currently unavailable)
rNeg    . . .      Spirit   .   c - +0 leather armour
rPois   .          Reflect  .   (helmet restricted)
rElec   .          Harm     .   (no cloak)
rCorr   .          Rampage  .   (no gloves)
Will    .....                   (no boots)
Stlth   +.........              f - amulet of the acrobat
HPRegen 0.11/turn               (no ring)
MPRegen 0.08/turn               (no ring)

@: constricted
A: horns 2, retaliatory headbutt
a: no special abilities


You were on level 3 of the Dungeon.
You visited 1 branch of the dungeon, and saw 3 of its levels.

You collected 145 gold pieces.

Inventory:

Hand Weapons
 a - a +0 shortbow (weapon)
Armour
 c - a +0 leather armour (worn)
Jewellery
 f - an amulet of the acrobat (around neck)
Scrolls
 b - a scroll of immolation
 d - a scroll of summoning {unknown}
 e - 2 scrolls of noise {unknown}
 h - 2 scrolls of teleportation {unknown}
 i - 2 scrolls of identify {unknown}
 j - a scroll of blinking {unknown}
 l - a scroll of poison {unknown}
 m - a scroll of amnesia {unknown}
 n - a scroll of vulnerability {unknown}
 o - 3 scrolls of torment {unknown}
Potions
 g - 2 potions of berserk rage {unknown}
 k - a potion of heal wounds {unknown}


   Skills:
 + Level 3.9 Fighting
 + Level 5.2 Ranged Weapons
 - Level 2.1 Dodging
 - Level 0.7 Stealth


You had 2 spell levels left.
You didn't know any spells.
Your spell library contained the following spells:

 Spells                   Type           Power      Damage    Failure   Level
 Blink                    Tloc           0%         N/A       67%         2
 Lesser Beckoning         Tloc           0%         N/A       88%         3
 Manifold Assault         Tloc           0%         N/A       100%        5


Dungeon Overview and Level Annotations

Branches:
Dungeon (3/15)

Altars:


Innate Abilities, Weirdness & Mutations

You have a pair of horns on your head.
You reflexively headbutt those who attack you in melee.


Message History

You are too injured to fight recklessly!
Unknown command.
You are too injured to fight recklessly!
Fire: a) +0 shortbow
Press: ? - help, Q - select action Shift-Dir - straight line, f/p - ball python
Aim: a ball python (constricting you, 58% to hit)
You shoot an arrow.
The arrow barely misses the ball python.
The ball python closely misses you. The ball python constricts you.
The ball python bites you. The orc closely misses you.
The endoplasm freezes you.
You are frozen.
* * * LOW HITPOINT WARNING * * *
The orc hits you but does no damage. The frilled lizard barely misses you.
You furiously retaliate!
You headbutt the frilled lizard.
You kill the frilled lizard!
The ball python barely misses you. The ball python constricts you.
* * * LOW HITPOINT WARNING * * *
Unknown command.
Unknown command.
Fire: a) +0 shortbow
Press: ? - help, Q - select action Shift-Dir - straight line, f/p - ball python
Aim: a ball python (constricting you, 58% to hit)
You shoot an arrow.
The arrow hits the ball python but does no damage.
The ball python bites you but does no damage.
The orc barely misses you. The endoplasm freezes you.
You are frozen.
* * * LOW HITPOINT WARNING * * *
The ball python bites you but does no damage.
The ball python constricts you. The ball python barely misses you.
You furiously retaliate!
You headbutt the ball python!
You kill the ball python!
The ball python barely misses you. The endoplasm freezes you.
You are frozen.
* * * LOW HITPOINT WARNING * * *
The orc barely misses you. The orc hits you with a +0 whip.
You die...

........?##....
#..............
...............
##.............
..........o....
...............
.......o.......
.......@Sr.....
<.....JSo......
....<.$..##...>
.....#?... .#.
##^....##..
#...... .## #..
... .# #?#....
..


You could see an orc priest, 2 orcs, an endoplasm, 2 ball pythons and a rat.

Vanquished Creatures
  2 worms (D:2)
  2 dart slugs (D:2)
  3 endoplasms (D:1)
  4 giant cockroaches
  7 goblins
  4 hobgoblins
  5 kobolds
  A quokka (D:1)
  8 ball pythons
  5 bats
  4 frilled lizards
  4 rats
49 creatures vanquished.

Notes
Turn   | Place    | Note
-------+----------+-------------------------------------------
     0 | D:1      | safid the Minotaur Hunter began the quest for the Orb.
     0 | D:1      | Reached XP level 1. HP: 18/18 MP: 0/0
   274 | D:1      | Reached XP level 2. HP: 25/25 MP: 1/1
   594 | D:1      | Reached skill level 5 in Ranged Weapons
   615 | D:1      | Reached XP level 3. HP: 31/31 MP: 2/2
  1741 | D:3      | HP: 1/33 [frozen (3)]
  1741 | D:3      | Slain by an orc

Illustrated notes

Levels and vault maps discovered:
D:1:      minmay_arrival_split_and_join, layout_basic, hangedman_feature_mirror,
          kennysheep_crisscross
D:2:      layout_basic
D:3:      layout_rooms, basic_ecumenical_altar

Skill      XL: |  1  2 |
---------------+-------+-----
Fighting       | 3 |  3.9
Ranged Weapons | 5 |  5.2
Dodging        | |  2.1
Stealth        | |  0.7

Action                   || total
-------------------------++-------
 Fire: Shortbow          ||    97
Armor: Leather armour    ||    11
Dodge: Dodged            ||    27
